 Dungeon Crawl Stone Soup version 0.31-a0-216-g22e908daa7 (webtiles) character file.

Game seed: 14280509128629055570

56 qw the Shooter (level 3, -1/29 HPs)
             Began as a Minotaur Hexslinger on July 2, 2023.
             Succumbed to an adder's poison
             ... on level 2 of the Dungeon.
             The game lasted 00:00:31 (1156 turns).

qw the Shooter (Minotaur Hexslinger)                Turns: 1156, Time: 00:00:31

Health: -1/29      AC:  2    Str: 12    XL:     3   Next: 69%
Magic:  3/3        EV: 12    Int: 10    God:
Gold:   116        SH:  5    Dex: 14    Spells: 3/4 levels left

rFire   . . .        Y - +1 sling
rCold   . . .        (no shield)
rNeg    . . .        c - +0 robe
rPois   .            (helmet restricted)
rElec   .            (no cloak)
rCorr   .            (no gloves)
SInv    .            (no boots)
Will    .....        i - amulet of reflection
Stlth   +            (no ring)
HPRegen 0.24/turn    (no ring)
MPRegen 0.08/turn

%: reflection
@: lethally poisoned (-1 -> -7)
A: horns 2, retaliatory headbutt
a: no special abilities


You were on level 2 of the Dungeon.
You visited 1 branch of the dungeon, and saw 2 of its levels.

You collected 116 gold pieces.


Innate Abilities, Weirdness & Mutations

You have a pair of horns on your head.
You reflexively headbutt those who attack you in melee.


   Skills:
 - Level 2.0 Fighting
 + Level 4.3 Ranged Weapons
 - Level 2.1 Dodging
 - Level 1.0 Spellcasting
 - Level 2.0 Hexes


You had 3 spell levels left.
You knew the following spells:

 Your Spells              Type           Power      Damage    Failure   Level
a - Slow                  Hex            16%        N/A       16%         1

Your spell library contained the following spells:

 Spells                   Type           Power      Damage    Failure   Level
 Inner Flame              Hex/Fire       2%         N/A       56%         3
 Portal Projectile        Hex/Tloc       4%         N/A       56%         3
 Cause Fear               Hex            2%         N/A       83%         4

Inventory:

Hand Weapons
 Y - a +1 sling (weapon)
Armour
 c - a +0 robe (worn)
Jewellery
 i - an amulet of reflection (around neck)
Potions
 a - a potion of degeneration {unknown}
 f - a potion of curing {unknown}
 g - a potion of brilliance {unknown}

Dungeon Overview and Level Annotations

Branches:
Dungeon (2/15)

Altars:
Gozag


Message History

The sling bullet hits the adder but does no damage.
The bat hits you. The bat barely misses you. You furiously retaliate!
You headbutt the bat. The adder bites you.
You are poisoned.
The adder poisons you!
The rat twitches its whiskers.
The adder misses you.
You shoot a sling bullet. The sling bullet barely misses the bat.
You feel sick. The bat barely misses you. You furiously retaliate!
You headbutt the bat.
You kill the bat!
You block the adder's attack.
You shoot a sling bullet. The sling bullet hits the adder.
The adder is heavily wounded.
You feel sick. The adder closely misses you. The adder bites you.
You shoot a sling bullet. The sling bullet hits the adder.
The adder is severely wounded.
You feel sick. You block the adder's attack.
You shoot a sling bullet.
The sling bullet closely misses the adder.
The sling bullet closely misses the rat.
You feel sick. The adder bites you.
You are more poisoned.
The adder poisons you! The adder bites you.
You shoot a sling bullet. The sling bullet hits the adder.
The adder is severely wounded.
You feel sick. The adder bites you.
You shoot a sling bullet.
The sling bullet closely misses the adder.
The sling bullet hits the rat.
The rat is moderately wounded.
You feel sick. The adder bites you.
You are more poisoned.
The adder poisons you! The adder bites you but does no damage.
You shoot a sling bullet. The sling bullet hits the adder.
You kill the adder!
You feel very sick.
You shoot a sling bullet. The sling bullet hits the rat.
The rat is severely wounded.
You die... #.####.# #.####.# #.. ....##.#. ... # ###.##.. .. .# # ....# .. #. ###.##.# .###. # ....# ... rr.

.# #.### .
#r##.# #.#
#@%..# #.#
... #.####
#.# #.. #.#
#.# #.# #.#
#.# #.# #.#
#.# #.# #.#
#.# #.# #.#
#.### #.#
#.# #...#
######.###.#


You could see 3 rats.

Vanquished Creatures
  An adder (D:2)
  A dart slug (D:1)
  5 endoplasms
  5 goblins
  4 hobgoblins
  3 quokkas
  5 ball pythons
  3 bats
  4 frilled lizards
  2 kobolds (D:1)
  10 rats
43 creatures vanquished.

Notes
Turn   | Place    | Note
-------+----------+-------------------------------------------
     0 | D:1      | qw the Minotaur Hexslinger began the quest for the Orb.
     0 | D:1      | Reached XP level 1. HP: 16/16 MP: 1/1
     0 | D:1      | 0 ||| qw: Version: 0.3-a-40-ge99b1a8
     0 | D:1      | 0 ||| qw: Game counter: 7919
     0 | D:1      | 0 ||| qw: Melee chars always use a shield: true
     0 | D:1      | 0 ||| qw: God list: Okawaru
     0 | D:1      | 0 ||| qw: Allow faded altars: false
     0 | D:1      | 0 ||| qw: Do Orc after clearing Dungeon:15 true
     0 | D:1      | 0 ||| qw: Do second Lair branch before Depths: true
     0 | D:1      | 0 ||| qw: Lair rune preference: random
     0 | D:1      | 0 ||| qw: Goals: Normal
     0 | D:1      | 0 ||| PLANNING D:1-11
   140 | D:1      | Reached skill level 3 in Ranged Weapons
   140 | D:1      | Reached XP level 2. HP: 20/23 MP: 2/2
   532 | D:1      | You fall into a shaft and drop 1 floor!
   607 | D:2      | 607 ||| UPGRADING to amulet of reflection.
   612 | D:2      | 612 ||| READING scroll labelled PUXUDGH TOVIYL.
   613 | D:2      | 613 ||| READING scroll labelled OCUTWU BIUR.
   614 | D:2      | 614 ||| READING scroll labelled DAGIUH VUAHODUHU.
   615 | D:2      | 615 ||| DROPPING scroll of poison.
   768 | D:1      | Reached XP level 3. HP: 29/29 MP: 3/3
   877 | D:1      | 877 ||| FLEEEEING.
   878 | D:1      | 878 ||| FLEEEEING.
  1054 | D:2      | Reached skill level 4 in Ranged Weapons
  1058 | D:2      | Found an opulent altar of Gozag.
  1153 | D:2      | HP: 6/29 [adder (2)]
  1155 | D:2      | HP: 1/29 [poisoned by an adder]
  1156 | D:2      | Succumbed to an adder's poison

Levels and vault maps discovered:
D:1:      onia_arrival_handbag, layout_basic, serial_forest,
          infiniplex_forest_corner_2, infiniplex_forest_lined_4_way,
          infiniplex_forest_clump_medium, infiniplex_forest_clump_curved,
          infiniplex_forest_straight_4, infiniplex_forest_clump_medium,
          infiniplex_forest_clump_long, infiniplex_forest_zigzag_2,
          infiniplex_forest_lined_room_2, reono_crystal_passage,
          dreamdust_mushroom_princess
D:2:      minmay_razor_zed, layout_loops_ring, basic_altar,
          chequers_serial_rivers_micro_a, minmay_three_crescents

Skill      XL: |  1  2  3 |
---------------+----------+-----
Ranged Weapons | 3 4 |  4.3
Fighting       | 2 |  2.0
Dodging        | |  2.1
Spellcasting   | |  1.0
Hexes          | |  2.0

Action                     || total
---------------------------++-------
   Fire: Sling             ||   107
    Use: Scroll            ||     3
 Armour: Robe              ||     2
  Dodge: Dodged            ||    22
  Block: Other             ||     4

Table legend:
 A = Non-vault XP
 B = Vault XP
 C = Vault XP percentage of total XP
 D = Non-vault monster count
 E = Vault monster count
 F = Vault count percentage of total count
                 A         B        C        D         E       F
            +---------+---------+-------+---------+---------+-------
      Total |      58 |      22 |  27.5 |      36 |       7 |  16.3
            +---------+---------+-------+---------+---------+-------
        D:1 |      43 |       5 |  10.4 |      27 |       4 |  12.9
        D:2 |      15 |      17 |  53.1 |       9 |       3 |  25.0
            +---------+---------+-------+---------+---------+-------
